 Dungeon Crawl Stone Soup version 0.18.1-50-g88ac8fd (webtiles) character file.

20574 Monkfish the Tortoise (level 12, 0/111 HPs)
             Began as a Minotaur Berserker on Oct 22, 2016.
             Was a High Priest of Trog.
             Slain by a sun demon (7 damage)
             ... summoned by a kobold demonologist
             ... on level 12 of the Dungeon.
             The game lasted 00:20:54 (10137 turns).

Monkfish the Tortoise (Minotaur Berserker)         Turns: 10137, Time: 00:20:55

Health: 0/111      AC: 19    Str: 31    XL:     12   Next: 46%
Magic:  3/3        EV: 11    Int:  6    God:    Trog [*****.]
Gold:   830        SH:  0    Dex: 11    Spells: 0 memorised, 11 levels left

rFire  + . .     SeeInvis .     q - +4 war axe (antimagic)
rCold  . . .     Gourm    .     d - +0 plate armour
rNeg   + + .     Faith    .     (no shield)
rPois  .         Spirit   .     (helmet restricted)
rElec  .         Dismiss  .     (no cloak)
rCorr  .         Reflect  .     g - +1 pair of gloves
SustAt .         Harm     +     (no boots)
MR     .....                    v - amulet of harm
Stlth  ..........               B - ring of the Mantidfly {rF+ rN+ Str+7}
                                i - ring of positive energy

@: not resistant to hostile enchantments, extremely unstealthy
A: retaliatory headbutt, horns 2
a: Berserk, Trog's Hand, Brothers in Arms, Burn Spellbooks, Renounce Religion


You were on level 12 of the Dungeon.
You worshipped Trog.
Trog was extremely pleased with you.
You were near starving.

You visited 1 branch of the dungeon, and saw 12 of its levels.
You also visited: Ossuary.

You collected 830 gold pieces.

Inventory:

Hand Weapons
 q - a +4 antimagic war axe (weapon)
 z - a +2 war axe of chopping
 F - a +1 battleaxe of electrocution
Armour
 d - a +0 plate armour (worn)
 g - a +1 pair of gloves (worn)
Jewellery
 i - a ring of positive energy (left hand)
 j - an uncursed ring of flight
 k - an uncursed ring of sustain attributes
 v - an amulet of harm (around neck)
 B - the ring of the Mantidfly (right hand) {rF+ rN+ Str+7}
   (You found it on level 7 of the Dungeon)

   [ring of positive energy]

   It affects your strength (+7).
   It protects you from fire.
   It protects you from negative energy.
Wands
 a - a wand of confusion (20/48)
 b - a wand of disintegration (14/24)
 w - a wand of acid (6/15)
 D - a wand of lightning (4/15)
 H - a wand of random effects (38/48)
 I - a wand of iceblast (6/15)
Scrolls
 e - 3 scrolls of enchant weapon
 h - 3 scrolls of enchant armour
 l - 3 scrolls of magic mapping
 m - 2 scrolls of teleportation
 n - 4 scrolls of identify
 u - 3 scrolls of remove curse
 y - 2 scrolls of fog
Potions
 c - a potion of resistance
 f - 2 potions of curing
 o - a potion of brilliance
 p - 2 potions of might
 r - a potion of invisibility
 s - a potion of agility
 t - 2 potions of haste
 x - a potion of cure mutation
 G - a potion of cancellation


   Skills:
 + Level 11.7 Fighting
 + Level 13.7 Axes
 * Level 15.5 Armour
 + Level 5.7 Dodging
   Level 2.8 Shields


You had 11 spell levels left.
You didn't know any spells.

Dungeon Overview and Level Annotations

Branches:
Dungeon (12/15)            Temple (0/1) D:6            Lair (0/8) D:11
    Orc (0/2) D:12

Altars:
Dithmenos
Fedhas
Gozag
Kikubaaqudgha
Makhleb
Nemelex Xobeh
Qazlal
Sif Muna
Vehumet
Xom
Zin
The Shining One

Shops:
D:4 (


Innate Abilities, Weirdness & Mutations

You reflexively headbutt those who attack you in melee.
You have a pair of horns on your head.


Message History

The quasit completely misses you.
The quasit claws you but does no damage.
The quasit barely misses you. The sun demon hits you!
You are engulfed in flames!
You resist.
* * * LOW HITPOINT WARNING * * *
There is a stone staircase leading up, spattered with blood here.
You hit the kobold demonologist.
The kobold demonologist's magic leaks into the air.
Your headbutt misses the kobold demonologist.
The kobold demonologist is lightly wounded.
You hit the sun demon.
The sun demon is lightly wounded.
You hit the quasit but do no damage. The quasit barely misses you.
The quasit claws you but does no damage.
The quasit closely misses you.
The kobold demonologist hits you but does no damage.
The sun demon hits you!!
* * * LOW HITPOINT WARNING * * *
You are engulfed in flames.
You resist.
You die...

#........##....##..
#...##....##...........
.... #...........#.....
.##..#.................
#........K..........
#.....#.4####......#
#.......#..###.......
.........)3.K....###
.........W5@.5.....#
..........########....
..........# .
.........# ........#
.....#### ..### .#


You could see a sun demon, a rust devil, a kobold demonologist, a wraith and 2
quasits.

Vanquished Creatures
  Josephine (D:11)
  A hydra (D:11)
  A centaur warrior (D:9)
  The ghost of grisgris the Blocker, a journeyman GrFi of Qazlal (D:10)
  A wizard (D:9)
  An unseen horror (D:11)
  2 hill giants
  An ugly thing (D:11)
  Pikel (D:6)
  A cyclops (D:9)
  A centaur zombie (D:10)
  2 gargoyles
  3 trolls
  A two-headed ogre (D:9)
  Grinder (D:3)
  5 slime creatures
  A shadow (D:11)
  Sigmund (D:6)
  2 wyverns
  Eustachio (D:5)
  3 wraiths
  14 yaks
  A steam dragon (D:9)
  3 black bears
  7 hungry ghosts
  3 centaurs
  2 hippogriffs
  Menkaure (D:5)
  2 soldier ants (D:10)
  A water moccasin (D:11)
  3 porcupines (D:11)
  2 sky beasts
  5 orc warriors
  3 ice beasts
  The ghost of nikopol the Chopper, an amateur HOBe of Trog (D:3)
  2 ogres
  2 phantoms
  A crocodile (D:10)
  Blork the orc (D:6)
  3 big kobolds
  A gnoll sergeant (D:10)
  13 giant frogs
  2 wyvern zombies
  2 wyvern skeletons
  2 water moccasin zombies (Ossuary)
  A troll zombie (D:12)
  6 scorpions
  10 killer bees
  5 wights (D:8)
  3 crimson imps
  A quasit (D:9)
  2 jellies
  4 hounds
  6 orc priests
  A centaur skeleton (D:8)
  Crazy Yiuf (D:3)
  3 hell rats (D:11)
  3 iguanas
  13 orc wizards
  9 worker ants
  7 ogre zombies (D:12)
  6 big kobold zombies (Ossuary)
  A hound skeleton (D:6)
  3 mummies
  4 worker ant zombies
  4 gnolls (D:10)
  11 adders
  A river rat (D:11)
  3 oozes
  8 adder zombies
  An adder skeleton (D:8)
  6 dart slugs
  3 giant geckos
  53 orcs
  15 bats
  7 giant cockroaches
  4 goblins
  7 hobgoblins
  11 jackals
  21 kobolds
  6 quokkas
  3 ball pythons
  A ball python skeleton (D:6)
  6 giant newts
  3 goblin skeletons (D:12)
  4 hobgoblin skeletons (D:12)
  6 hobgoblin zombies
  A jackal skeleton (D:9)
  8 kobold zombies
  3 orc skeletons (D:12)
  20 orc zombies
  A quokka zombie (D:5)
  5 rats
420 creatures vanquished.

Vanquished Creatures (others)
  3 slaves (D:6)
  2 jackals (D:6)
  A kobold (D:9)
6 creatures vanquished.

Grand Total: 426 creatures vanquished

Notes
Turn   | Place    | Note
--------------------------------------------------------------
     0 | D:1      | Monkfish the Minotaur Berserker began the quest for the Orb.
     0 | D:1      | Reached XP level 1. HP: 19/19 MP: 0/0
    71 | D:1      | Reached XP level 2. HP: 3/27 MP: 1/1
   620 | D:1      | Reached ** piety under Trog
   641 | D:1      | Reached XP level 3. HP: 33/33 MP: 2/2
   765 | D:1      | Gained mutation: You are resistant to hostile enchantments. [potion of mutation]
   765 | D:1      | Gained mutation: You are partially covered in slimy green scales (AC +2). [potion of mutation]
   765 | D:1      | Gained mutation: Your body sometimes deteriorates upon taking damage. [potion of mutation]
   957 | D:2      | Found an opulent altar of Gozag.
  1040 | D:2      | Found a glowing golden altar of the Shining One.
  1116 | D:2      | Reached skill level 3 in Armour
  1687 | D:3      | Noticed nikopol's ghost (amateur HOBe)
  1694 | D:3      | Killed nikopol's ghost
  1694 | D:3      | Reached XP level 4. HP: 41/41 MP: 3/3
  1694 | D:3      | Reached XP level 5. HP: 47/47 MP: 4/4
  1752 | D:3      | Noticed Grinder
  1767 | D:3      | Killed Grinder
  1767 | D:3      | Reached skill level 5 in Fighting
  1767 | D:3      | Reached skill level 5 in Axes
  1767 | D:3      | Reached skill level 4 in Armour
  1767 | D:3      | Reached XP level 6. HP: 36/56 MP: 5/5
  1896 | D:3      | Noticed Crazy Yiuf
  1903 | D:3      | Killed Crazy Yiuf
  2234 | D:3      | Reached *** piety under Trog
  2384 | D:4      | Reached XP level 7. HP: 61/62 MP: 6/6
  2414 | D:4      | Found Mekh's Weapon Shoppe.
  2684 | D:4      | Found a blossoming altar of Fedhas.
  2704 | D:4      | Reached skill level 5 in Armour
  3085 | D:5      | Entered Level 5 of the Dungeon
  3089 | D:5      | Noticed Menkaure
  3097 | D:5      | Killed Menkaure
  3097 | D:5      | Reached skill level 6 in Armour
  3203 | D:5      | Found a radiant altar of Vehumet.
  3549 | D:5      | Noticed Eustachio
  3585 | D:5      | Killed Eustachio
  3585 | D:5      | Reached skill level 7 in Armour
  3585 | D:5      | Reached XP level 8. HP: 59/70 MP: 7/7
  4302 | D:6      | Reached **** piety under Trog
  4496 | D:6      | Noticed Sigmund
  4500 | D:6      | Killed Sigmund
  4500 | D:6      | Reached skill level 8 in Armour
  4501 | D:6      | Found a staircase to the Ecumenical Temple.
  4603 | D:6      | Noticed Blork the orc
  4627 | D:6      | Found a sand-covered staircase.
  4632 | Ossuary  | Entered an ossuary
  4752 | Ossuary  | Reached skill level 9 in Armour
  4840 | D:6      | Killed Blork the orc
  4905 | D:6      | Noticed Pikel
  4921 | D:6      | Killed Pikel
  4921 | D:6      | Reached skill level 10 in Armour
  4921 | D:6      | Reached skill level 5 in Dodging
  4921 | D:6      | Reached XP level 9. HP: 77/79 MP: 8/8
  5260 | D:7      | Reached skill level 1 in Shields
  5454 | D:7      | Reached skill level 11 in Armour
  5518 | D:7      | Found a shimmering altar of Xom.
  5545 | D:7      | Got a sparkling amber ring
  5868 | D:7      | Lost mutation: Your body sometimes deteriorates upon taking damage. [potion of cure mutation]
  5868 | D:7      | Lost mutation: You are partially covered in slimy green scales (AC +2). [potion of cure mutation]
  5868 | D:7      | Lost mutation: You are resistant to hostile enchantments. [potion of cure mutation]
  5871 | D:7      | Identified the ring of the Mantidfly {rF+ rN+ Str+7} (You found it on level 7 of the Dungeon)
  5891 | D:8      | Reached ***** piety under Trog
  6074 | D:8      | Found a shadowy altar of Dithmenos.
  6100 | D:8      | Reached XP level 10. HP: 88/88 MP: 9/9
  6489 | D:8      | Found a sparkling altar of Nemelex Xobeh.
  6635 | D:8      | Found a deep blue altar of Sif Muna.
  6636 | D:8      | Found an ancient bone altar of Kikubaaqudgha.
  6852 | D:9      | Found a stormy altar of Qazlal.
  6857 | D:9      | Reached skill level 10 in Axes
  6857 | D:9      | Reached skill level 12 in Armour
  6902 | D:9      | Found a burning altar of Makhleb.
  7004 | D:9      | Noticed a centaur warrior
  7006 | D:9      | Noticed a wizard
  7008 | D:9      | Killed a centaur warrior
  7011 | D:9      | Killed a wizard
  7015 | D:9      | Reached skill level 13 in Armour
  7017 | D:9      | Noticed a cyclops
  7030 | D:9      | Killed a cyclops
  7318 | D:9      | Reached XP level 11. HP: 78/97 MP: 10/10
  7382 | D:9      | Found a glowing silver altar of Zin.
  7714 | D:9      | Received a gift from Trog
  8003 | D:10     | Entered Level 10 of the Dungeon
  8020 | D:10     | Noticed grisgris's ghost (journeyman GrFi)
  8038 | D:10     | Killed grisgris's ghost
  8038 | D:10     | Reached skill level 10 in Fighting
  8132 | D:10     | Reached ****** piety under Trog
  8684 | D:11     | Noticed a hill giant
  8690 | D:11     | Killed a hill giant
  8690 | D:11     | Reached skill level 14 in Armour
  8844 | D:11     | Noticed a white ugly thing
  8852 | D:11     | Killed a white ugly thing
  9043 | D:11     | Found a staircase to the Lair.
  9269 | D:11     | Noticed an eight-headed hydra
  9272 | D:11     | Killed a ten-headed hydra
  9329 | D:11     | Killed an unseen horror
  9329 | D:11     | Reached XP level 12. HP: 78/110 MP: 3/11
  9538 | D:12     | Reached skill level 15 in Armour
  9547 | D:12     | Received a gift from Trog
  9573 | D:12     | Found a staircase to the Orcish Mines.
  9613 | D:12     | HP: 8/165 [slime creature (8)]
 10099 | D:12     | Noticed Josephine
 10128 | D:11     | Killed Josephine
 10137 | D:12     | Slain by a sun demon

Skill      XL: |  1  2  3  4  5  6  7  8  9 10 11 12 |
---------------+-------------------------------------+-----
Axes           | 4 5 6 8 9 11 12 13 | 13.7
Fighting       | 4 5 6 7 8 9 11 | 11.7
Armour         | 3 4 7 10 11 13 14 15 | 15.5
Dodging        | 3 4 5 |  5.7
Shields        | 2 |  2.8

Action                   |  1- 3 |  4- 6 |  7- 9 | 10-12 || total
-------------------------+-------+-------+-------+-------++-------
Melee: Hand axe          |    94 |    87 |   398 |       ||   579
       Headbutt          |    15 |    15 |    96 |    95 ||   221
       War axe           |       |       |    16 |   271 ||   287
       Battleaxe         |       |       |       |   150 ||   150
Invok: Berserk           |     1 |     1 |     7 |     8 ||    17
       Trog's Hand       |       |     2 |     5 |     5 ||    12
       Burn Spellbooks   |       |       |     1 |     4 ||     5
Evoke: Wand              |       |       |       |     1 ||     1
  Use: Scroll            |     5 |     2 |     7 |     6 ||    20
       Potion            |     5 |     1 |     7 |     6 ||    19
  Eat: Meat ration       |     1 |     1 |     3 |     3 ||     8
       Chunk             |     1 |       |       |     3 ||     4
       Bread ration      |       |       |       |     5 ||     5
       Pizza             |       |       |       |     1 ||     1
       Beef jerky        |       |       |       |     1 ||     1
       Fruit             |       |       |       |     3 ||     3
Armor: Animal skin       |    11 |       |       |       ||    11
       Plate armour      |    30 |    48 |   299 |   298 ||   675
Dodge: Dodged            |    45 |    28 |   184 |   220 ||   477
Block: Buckler           |       |       |    16 |       ||    16
